 Dungeon Sprint DCSS version 0.26-a0-1222-g14533b3512 (webtiles) character file.

Game seed: 14420500791772619018

2072 Asceticacid the Demon Slayer (level 9, -13/102 HPs)
             Began as an Ogre Monk on Dec 31, 2020.
             Was a High Priest of the Shining One.
             Mangled by a cane toad (15 damage)
             ... in the Dungeon (Sprint IX: "|||||||||||||||||||||||||||||").
             The game lasted 00:01:47 (260 turns).

Asceticacid the Demon Slayer (Ogre Monk)             Turns: 260, Time: 00:01:48

Health: -13/102    AC: 11    Str: 20    XL:     9   Next: 26%
Magic:  4/20       EV: 14    Int: 11    God:    the Shining One [*****.]
Gold:   0          SH:  0    Dex: 17    Spells: 8/8 levels left

rFire    . . .     SeeInvis .   k - +2 dire flail (protect)
rCold    . . .     Faith    .   (shield currently unavailable)
rNeg     + + .     Spirit   .   b - +0 robe
rPois    .         Reflect  .   (helmet restricted)
rElec    .         Harm     .   l - +0 cloak
rCorr    .         Rampage  .   (gloves unavailable)
Will     .....     NoTele   +   (boots unavailable)
Stlth    +.........             (no amulet)
HPRegen  0.27/turn              m - +3 ring of strength
MPRegen  0.17/turn              n - +3 ring of dexterity

@: protection aura, glowing
A: large, unfitting armour, tough skin 1
a: Renounce Religion, Divine Shield, Cleansing Flame, Summon Divine Warrior


You were in the Dungeon.
You worshipped the Shining One.
The Shining One was extremely pleased with you.
You visited 1 branch

Inventory:

Hand Weapons
 a - a +0 mace
 k - a +2 dire flail of protection (weapon)
Armour
 b - a +0 robe (worn)
 l - a +0 cloak (worn)
Jewellery
 m - a +3 ring of strength (left hand)
 n - a +3 ring of dexterity (right hand)
Wands
 j - a wand of acid (4)
Scrolls
 g - 3 scrolls of remove curse
 h - 3 scrolls of blinking
 i - 2 scrolls of amnesia
 r - 6 scrolls of enchant weapon
 s - a scroll of fear
Potions
 c - 7 potions of curing
 d - 5 potions of heal wounds
 e - 2 potions of haste
 f - 4 potions of magic
 o - 2 potions of brilliance
 p - a potion of berserk rage
Miscellaneous
 q - a phial of floods


   Skills:
 - Level 10.7 Fighting
 - Level 8.0 Maces & Flails
 - Level 7.3 Dodging
 - Level 2.6 Stealth
 + Level 15.7 Invocations


You had 8 spell levels left.
You didn't know any spells.
Your spell library was empty.

Dungeon Overview and Level Annotations

Branches:
Dungeon (1/1)

Altars:
Cheibriados
Dithmenos
Elyvilon
Fedhas
Gozag
Hepliaklqana
Kikubaaqudgha
Makhleb
Nemelex Xobeh
Okawaru
Qazlal
Ru
Sif Muna
Trog
Uskayaw
Vehumet
Wu Jian
Xom
Yredelemnul
Zin
The Shining One
Beogh
Jiyva
Lugonu


Innate Abilities, Weirdness & Mutations

You are too large for most types of armour.
You have tough skin. (AC +1)


Message History

* * * LOW HITPOINT WARNING * * *
Unknown command.
Evoke which item? (* to show all) (? for menu, Esc to quit)
You don't have any such object.
Evoke which item? (* to show all) (? for menu, Esc to quit)
Huh?
Evoke which item? (* to show all) (? for menu, Esc to quit)
Huh?
Evoke which item? (* to show all) (? for menu, Esc to quit)
Huh?
Evoke which item? (* to show all) (? for menu, Esc to quit)
Okay, then.
Unknown command.
You hit the cane toad but do no damage.
Your weapon exudes an aura of protection.
The cane toad is almost dead.
The cane toad stings you.
* * * LOW HITPOINT WARNING * * *
The cane toad stings you!
You die...

▓▓▓▓▓▓▓▓▓▓▓▓▓▓▓▓▓▓▓▓▓▓▓▓
..FlDlF@....(.!.....'...
▓▓▓▓▓▓▓▓▓▓▓▓▓▓▓▓▓▓▓▓▓▓▓▓▓▓▓▓▓▓▓▓▓
.................................
▓▓▓▓▓▓▓▓▓▓▓▓▓▓▓▓▓▓▓▓▓▓▓▓▓▓▓▓▓▓▓▓▓
____________________'....)')...)†
▓▓▓▓▓▓▓▓▓▓▓▓▓▓▓▓▓▓▓▓▓▓▓▓▓▓▓▓▓▓▓▓▓


You could see a six-headed hydra (corroded), 2 komodo dragons and 2 cane toads.

Vanquished Creatures
  A deep elf mage (D)
  A black mamba (D)
  A komodo dragon (D)
  A wyvern (D)
  A water moccasin (D)
  A sky beast (D)
  An ice beast (D)
  A necrophage (D)
  An ogre (D)
  4 bullfrogs (D)
  A scorpion (D)
  A hound (D)
  An orc wizard (D)
  An iguana (D)
  A worker ant (D)
  An adder (D)
  An orc (D)
  A bat skeleton (D)
  2 goblins (D)
  A jackal (D)
  A bat (D)
  A kobold (D)
26 creatures vanquished.

Notes
Turn   | Place    | Note
-------+----------+-------------------------------------------
     0 | D        | Asceticacid the Ogre Monk began the quest for the Orb.
     0 | D        | Reached XP level 1. HP: 24/24 MP: 1/1
    27 | D        | Noticed a sky beast
    27 | D        | Noticed an orc wizard
    27 | D        | Noticed an ogre
    27 | D        | Noticed a water moccasin
    27 | D        | Noticed a scorpion
    33 | D        | Killed a scorpion
    34 | D        | Reached XP level 2. HP: 31/37 MP: 2/2
    34 | D        | Reached XP level 3. HP: 37/45 MP: 3/3
    39 | D        | Killed a water moccasin
    40 | D        | Reached skill level 5 in Dodging
    40 | D        | Reached XP level 4. HP: 41/58 MP: 4/4
    40 | D        | Reached XP level 5. HP: 47/66 MP: 5/5
    42 | D        | Killed an ogre
    43 | D        | Reached XP level 6. HP: 48/78 MP: 6/6
    45 | D        | Killed a sky beast
    46 | D        | Reached skill level 10 in Fighting
    54 | D        | Found a roughly hewn altar of Beogh.
    54 | D        | Found a snail-covered altar of Cheibriados.
    54 | D        | Found a shadowy altar of Dithmenos.
    54 | D        | Found a white marble altar of Elyvilon.
    54 | D        | Found a blossoming altar of Fedhas.
    54 | D        | Found an opulent altar of Gozag.
    55 | D        | Found a hazy altar of Hepliaklqana.
    56 | D        | Found a viscous altar of Jiyva.
    57 | D        | Found an ancient bone altar of Kikubaaqudgha.
    58 | D        | Found a corrupted altar of Lugonu.
    59 | D        | Found a burning altar of Makhleb.
    60 | D        | Found a sparkling altar of Nemelex Xobeh.
    61 | D        | Found an iron altar of Okawaru.
    62 | D        | Found a stormy altar of Qazlal.
    63 | D        | Found a sacrificial altar of Ru.
    64 | D        | Found a shimmering blue altar of Sif Muna.
    65 | D        | Found a bloodstained altar of Trog.
    66 | D        | Found a hide-covered altar of Uskayaw.
    67 | D        | Found a radiant altar of Vehumet.
    68 | D        | Found an ornate altar of the Wu Jian Council.
    69 | D        | Found a shimmering altar of Xom.
    70 | D        | Found a basalt altar of Yredelemnul.
    71 | D        | Found a glowing silver altar of Zin.
    72 | D        | Found a glowing golden altar of the Shining One.
    80 | D        | Became a worshipper of the Shining One
    80 | D        | Reached * piety under the Shining One
    80 | D        | Reached ** piety under the Shining One
   107 | D        | Noticed an ice beast
   109 | D        | Reached skill level 3 in Invocations
   110 | D        | Reached skill level 4 in Invocations
   110 | D        | Killed an ice beast
   111 | D        | Reached skill level 6 in Invocations
   111 | D        | Reached XP level 7. HP: 38/87 MP: 6/11
   114 | D        | Reached skill level 7 in Invocations
   121 | D        | Noticed a wyvern
   121 | D        | Reached *** piety under the Shining One
   121 | D        | Noticed a deep elf mage
   121 | D        | Reached **** piety under the Shining One
   124 | D        | Reached skill level 9 in Invocations
   127 | D        | Killed a deep elf mage
   128 | D        | Reached skill level 12 in Invocations
   128 | D        | Reached XP level 8. HP: 46/96 MP: 8/17
   137 | D        | Killed a wyvern
   138 | D        | Reached skill level 13 in Invocations
   248 | D        | Noticed a komodo dragon
   248 | D        | Noticed a cane toad
   248 | D        | Noticed a black mamba
   248 | D        | Noticed a komodo dragon
   248 | D        | Reached ***** piety under the Shining One
   249 | D        | Noticed a six-headed hydra
   256 | D        | Killed a komodo dragon
   256 | D        | Killed a black mamba
   256 | D        | Noticed a komodo dragon
   257 | D        | Reached skill level 15 in Invocations
   257 | D        | Reached XP level 9. HP: 35/102 MP: 8/20
   257 | D        | Noticed a cane toad
   260 | D        | HP: 2/102 [cane toad (6)]
   260 | D        | Mangled by a cane toad

Illustrated notes

Levels and vault maps discovered:
D:        linesprint [early_d, line_temple, items_1, d_10, items_2, lair_1,
          lair_end, items_3, orc_1, orc_end, items_4, d_15, swamp_1, shoals_1,
          snake_1, spider_1, d_20, vaults_1, items_5, swamp_end, shoals_end,
          snake_end, spider_end, vaults_end, d_27, items_6, zot_1, zot_end,
          crypt_end, forest_end, elf_end, slime_end, tomb_end, abyss_end,
          pan_hell_end]

Skill      XL: |  1  2  3  4  5  6  7  8 |
---------------+-------------------------+-----
Maces & Flails | 4 6 7 8 |  8.0
Dodging        | 4 5 6 7 |  7.3
Fighting       | 6 8 9 10 | 10.7
Stealth        | 2 |  2.6
Invocations    | 6 12 15 | 15.7

Action                   |  1- 3 |  4- 6 |  7- 9 || total
-------------------------+-------+-------+-------++-------
Melee: Mace              |    27 |     9 |       ||    36
       Dire flail        |       |     1 |    23 ||    24
Invok: Cleansing Flame   |       |       |     4 ||     4
Evoke: Wand              |       |     2 |     4 ||     6
  Use: Potion            |     1 |       |       ||     1
Armor: Robe              |    10 |     2 |     3 ||    15
Dodge: Dodged            |    14 |     4 |    17 ||    35

Table legend: (Time is in decaauts)
 A = Elapsed time spent in this place.
 B = Non-inter-level travel time spent in this place.
 C = Inter-level travel time spent in this place.
 D = Time resting spent in this place.
 E = Time spent auto-exploring this place.
 F = Levels seen in this place.
 G = Mean time per level.
                   A        B        C        D        E       F      G
               +--------+--------+--------+--------+--------+-----+--------+
         Total |    266 |    266 |      0 |      0 |      0 |   1 |  266.0 |
       Dungeon |    266 |    266 |      0 |      0 |      0 |   1 |  266.0 |
               +--------+--------+--------+--------+--------+-----+--------+

Top non-repeatable levels by time:
       D: 266 daAuts
